 Dungeon Crawl Stone Soup version 0.24.1-8-ga250c9d538 (webtiles) character file.

Game seed: 7598322722626249440, levelgen mode: deterministic

271 Peloso the Shield-Bearer (level 6, 48/48 HPs)
             Began as a Demonspawn Fighter on May 3, 2020.
             Got out of the dungeon alive.
             The game lasted 00:06:20 (3267 turns).

Peloso the Shield-Bearer (Demonspawn Fighter)       Turns: 3267, Time: 00:06:21

Health: 48/48      AC: 12    Str: 19    XL:     6   Next: 2%
Magic:  6/6        EV:  3    Int:  9    God:
Gold:   182        SH:  9    Dex: 12    Spells: 5/5 levels left

rFire    . . .     SeeInvis .   a - +0 long sword
rCold    . . .     Gourm    .   c - +0 shield
rNeg     . . .     Faith    +   n - +0 plate armour
rPois    .         Spirit   +   (no helmet)
rElec    .         Reflect  .   i - +0 cloak
rCorr    .         Harm     .   (no gloves)
MR       .....                  (no boots)
Stlth    ..........             d - amulet of faith
HPRegen  0.16/turn              (no ring)
MPRegen  0.10/turn              (no ring)

@: no status effects
A: hooves 1, magic shield, rot immunity
a: no special abilities


You escaped.
You were not hungry.

You visited 1 branch of the dungeon, and saw 4 of its levels.

You collected 182 gold pieces.

Inventory:

Hand Weapons
 a - a +0 long sword (weapon)
 b - a cursed -3 spear
Armour
 c - a +0 shield (worn)
 i - a +0 cloak (worn)
 l - a +0 scale mail
 n - a +0 plate armour (worn)
Jewellery
 d - an amulet of faith (around neck)
Wands
 m - a wand of enslavement (7)
Scrolls
 e - 2 scrolls of identify
 g - a scroll of immolation {unknown}
 h - a scroll of blinking {unknown}
 k - 3 scrolls of remove curse {unknown}
Potions
 o - 2 potions of haste
Comestibles
 f - 8 rations


   Skills:
 + Level 3.6 Fighting
 + Level 3.3 Long Blades
 + Level 3.8 Armour
 + Level 0.7 Dodging
 + Level 4.0 Shields


You had 5 spell levels left.
You didn't know any spells.
Your spell library was empty.

Dungeon Overview and Level Annotations

Branches:
Dungeon (4/15)
 Temple: D:4-7

Altars:
The Shining One


Innate Abilities, Weirdness & Mutations

You have large cloven feet.
When hurt, damage is shared between your health and your magic reserves.
You are immune to rotting.


Message History

Where to? (Enter - D:12, ? - help)
What level of the Dungeon? (default 1, ? - help)
Items here: ))) [ รทรท You see here a +0 flail.
There is a stone staircase leading up, spattered with blood here.
You climb upwards.
There is a stone staircase leading down, spattered with blood here.
There is a stone staircase leading up here.
You climb upwards.
There is a stone staircase leading down here.
There is a stone staircase leading up here.
You climb upwards.
There is a stone staircase leading down here.
HP restored.
There is an open door here.
There is an open door here.
There is an open door here.
There is a staircase leading out of the dungeon here.
Are you sure you want to leave the Dungeon?
This will make you lose the game!
You have escaped!

........########.########........
###....## ###.......### ##.......
##..## ##...........## ##......
#..# ##....#####....## #..#..#
#..# #...#########...# #..#..#
#.####..##.......##..####....#
#.# #...#..##'##..#...# #..#..
####.# #..##.##...##.##..# #.##..
#....# #..##.##.@.##.##..# #.....
#....# #..##.##...##.##..# #.....
...#.# #...#..#####..#...# #..#..
#.##.####..##.......##..####..##.
#.##..# #...####.####...# #..###.
#.##..# ##....##'##....## #..#...
..##..## ##...........## ##.....#
#.##...## ###.......### ##......>
#.##....#################....##.#


There were no monsters in sight!

Vanquished Creatures
  3 orc wizards (D:3)
  4 gnolls
  6 adders
  An ooze (D:3)
  4 leopard geckos
  14 orcs
  4 bats
  6 giant cockroaches
  6 goblins
  8 hobgoblins
  2 jackals (D:2)
  5 kobolds
  A quokka (D:3)
  3 frilled lizards
  9 rats
76 creatures vanquished.

Notes
Turn   | Place    | Note
-------+----------+-------------------------------------------
     0 | D:1      | Peloso the Demonspawn Fighter began the quest for the Orb.
     0 | D:1      | Reached XP level 1. HP: 18/18 MP: 1/1
   338 | D:1      | Gained mutation: When hurt, damage is shared between your
                  | health and your magic reserves. [demonic ancestry]
   338 | D:1      | Reached XP level 2. HP: 23/24 MP: 2/2
   373 | D:1      | Found a glowing golden altar of the Shining One.
   629 | D:2      | Reached skill level 3 in Shields
   642 | D:2      | Gained mutation: You are immune to rotting. [demonic
                  | ancestry]
   642 | D:2      | Reached XP level 3. HP: 20/29 MP: 3/3
  1293 | D:3      | Reached XP level 4. HP: 21/35 MP: 2/4
  1840 | D:3      | Reached XP level 5. HP: 31/41 MP: 5/5
  2830 | D:4      | Reached skill level 4 in Shields
  3174 | D:4      | Gained mutation: You have large cloven feet. [demonic
                  | ancestry]
  3174 | D:4      | Reached XP level 6. HP: 39/48 MP: 6/6
  3267 | D:$      | Got out of the dungeon alive.

Levels and vault maps discovered:
D:1:      dpeg_arrival_concentric_ovals, layout_loops_ring, tso_metal_star
D:2:      layout_rooms
D:3:      layout_loops_ring, first_ration, minmay_close_crescents
D:4:      layout_basic, grunt_temple_overflow_magic_moments, minmay_misc_feat_x,
          kennysheep_small_circle

Skill      XL: |  1  2  3  4  5 |
---------------+----------------+-----
Armour         | 3 |  3.8
Long Blades    | 2 3 |  3.3
Shields        | 3 4 |  4.0
Fighting       | |  3.6
Dodging        | |  0.7

Action                   |  1- 3 |  4- 6 || total
-------------------------+-------+-------++-------
Melee: Long sword        |   110 |   266 ||   376
  Use: Potion            |     4 |     2 ||     6
       Scroll            |       |     2 ||     2
  Eat: Chunk             |     1 |     5 ||     6
       Ration            |       |     1 ||     1
Armor: Scale mail        |    30 |       ||    30
       Plate armour      |    78 |   182 ||   260
Dodge: Dodged            |    32 |    22 ||    54
Block: Shield            |    73 |   155 ||   228
       Rpst.: Long sword |    14 |     4 ||    18
